 Dungeon Crawl Stone Soup version 0.32-a0-986-ga09f62fbf4 (webtiles) character file.

Game seed: 14132951707137989247

97 ragingrage the Sneak (level 4, -3/39 HPs)
             Began as a Naga Brigand on Apr 21, 2024.
             Was a Follower of Okawaru.
             Killed by divine providence
             ... invoked by an orc priest
              (15 damage)
             ... on level 3 of the Dungeon.
             The game lasted 00:02:01 (1891 turns).

ragingrage the Sneak (Naga Brigand)                 Turns: 1891, Time: 00:02:02

Health: -3/39      AC:  5    Str: 14    XL:     4   Next: 68%
Magic:  4/4        EV:  7    Int: 11    God:    Okawaru [*.....]
Gold:   79         SH:  0    Dex: 14    Spells: 1/3 levels left

rFire   . . .        a - +2 dagger
rCold   + . .        (no shield)
rNeg    . . .        g - +0 ring mail
rPois   +            j - +1 hat
rElec   .            c - +0 cloak
rCorr   .            (no gloves)
SInv    +            (no barding)
Will    .....        u - amulet of magic regeneration
Stlth   ++           w - ring of protection from cold
HPRegen 0.26/turn    (no ring)
MPRegen 0.49/turn

%: no passive effects
@: very slow
A: AC +1, large, see invisible, deformed body, poison resistance, slowness 2,
spit poison 1, naga tail 1
a: Spit Poison, Renounce Religion, Heroism


You were on level 3 of the Dungeon.
You worshipped Okawaru.
Okawaru was aware of your devotion.
You visited 1 branch of the dungeon, and saw 3 of its levels.

You collected 79 gold pieces.

Inventory:

Hand Weapons
 a - a +2 dagger (weapon)
 b - a +0 sling
 k - a +0 short sword
 n - a +0 rapier
Missiles
 d - 9 poisoned darts (quivered)
 e - 3 curare-tipped darts
Armour
 c - a +0 cloak (worn)
 g - a +0 ring mail (worn)
 j - a +1 hat (worn)
 l - a +0 robe
Jewellery
 t - a ring of fire
 u - an amulet of magic regeneration (around neck)
 w - a ring of protection from cold (left hand)
Scrolls
 h - 3 scrolls of identify {unknown}
 p - a scroll of brand weapon {unknown}
 q - a scroll of enchant weapon {unknown}
 r - 2 scrolls of teleportation {unknown}
 v - a scroll of enchant armour {unknown}
Potions
 f - a potion of attraction {unknown}
 i - a potion of degeneration {unknown}
 o - a potion of magic {unknown}
 s - a potion of might {unknown}


   Skills:
 - Level 2.0 Fighting
 + Level 4.4 Short Blades
 - Level 1.7 Throwing
 - Level 0.7 Dodging
 - Level 5.8 Stealth
 + Level 0.8 Hexes
 + Level 1.0 Ice Magic


You had one spell level left.
You knew the following spells:

 Your Spells              Type           Power      Damage    Failure   Level
a - Ensorcelled Hibernat  Hex/Ice        4%         N/A       58%         2

Your spell library contained the following spells:

 Spells                   Type           Power      Damage    Failure   Level
 Passwall                 Erth           0%         N/A       91%         3
 Swiftness                Air            0%         N/A       91%         3


Dungeon Overview and Level Annotations

Branches:
Dungeon (3/15)

Altars:
Elyvilon
Okawaru


Innate Abilities, Weirdness & Mutations

Your serpentine skin is tough. (AC +1)
You have supernaturally acute eyesight. (SInv)
Armour fits poorly on your strangely shaped body.
Your system is resistant to poisons. (rPois)
You cover ground very slowly.
You can spit poison.
You have a snake-like lower body.


Message History

Adjust (i)tems, (s)pells, or (a)bilities?
Huh?
What are your orders? t - Shout!
Orders for allies: a - Attack new target. r - Retreat! s - Stop attacking. g - Guard the area. f - Follow me.
Anything else - Cancel.
Okay, then.
Unknown command.
Unknown command.
What are your orders? t - Shout!
Orders for allies: a - Attack new target. r - Retreat! s - Stop attacking. g - Guard the area. f - Follow me.
Anything else - Cancel.
You shout for attention!
You hear a shout!
You start waiting.
An orc priest is nearby!
Aiming: Spit Poison (1% risk of failure)
Press: ? - help, Shift-Dir - straight line, f - orc priest
Aim: an orc priest, wielding a +0 club (wandering, hasn't noticed you, 59% to hit)
The splash of poison hits the orc priest!
The orc priest shouts!
The orc priest hits you with a +0 club.
The orc priest mumbles some strange prayers to Beogh against you.
Beogh smites you!
You barely miss the orc priest. The orc priest hits you with a +0 club.
The orc priest mumbles some strange prayers to Beogh against you.
Beogh smites you!
You hear a shout!
You have got your breath back.
The orc priest mumbles some strange prayers to Beogh against you.
Pain shoots through your body!
* * * LOW HITPOINT WARNING * * *
There is a stone staircase leading up here.
The orc priest calls down the wrath of Beogh upon you.
Beogh smites you!
You die...

#.......# #.
#.......# #.
#.......#
###.##.......#
##............#
...........####
...≈~≈.....#
..≈≈~≈≈....#######
..~~♣~~...o.oo.o@#
..≈≈~≈≈...########
...≈~≈...♣#
♣....o..♣♣
♣♣....o♣♣ ♣♣...♣♣
♣♣.....♣♣
♣.......♣♣
...≈o≈...♣


You could see 2 orc priests and 2 orcs.

Vanquished Creatures
  An orc wizard (D:3)
  3 adders
  4 ball pythons
  6 bats
  8 endoplasms
  A giant cockroach (D:1)
  4 goblins
  3 hobgoblins
  2 quokkas
  A frilled lizard (D:1)
  6 kobolds
  A rat (D:2)
40 creatures vanquished.

Notes
Turn   | Place    | Note
-------+----------+-------------------------------------------
     0 | D:1      | ragingrage the Naga Brigand began the quest for the Orb.
     0 | D:1      | Reached XP level 1. HP: 19/19 MP: 1/1
   164 | D:1      | Reached XP level 2. HP: 26/26 MP: 2/2
   186 | D:1      | Found a faded altar of an unknown god.
   200 | D:1      | Prayed at the altar of an unknown god.
   200 | D:1      | Became a worshipper of Warmaster Okawaru
   200 | D:1      | Reached * piety under Okawaru
   550 | D:1      | Reached XP level 3. HP: 32/32 MP: 3/3
  1305 | D:2      | Reached XP level 4. HP: 39/39 MP: 4/4
  1371 | D:2      | Learned a level 2 spell: Ensorcelled Hibernation
  1477 | D:3      | Found a white marble altar of Elyvilon.
  1593 | D:3      | Reached skill level 1 in Ice Magic
  1891 | D:3      | Killed from afar by an orc priest

Illustrated notes

Levels and vault maps discovered:
D:1:      lightli_arrival_maybe_door_vault, layout_basic,
          dreamdust_ecumenical_altar_statues
D:2:      layout_loops_ring
D:3:      layout_basic, okawaru_metal_pillars_1_2, elyvilon_altar_3,
          cheibrodos_gnoll_hut

Skill      XL: |  1  2  3  4 |
---------------+-------------+-----
Short Blades   | 3 4 |  4.4
Ice Magic      | 1 |  1.0
Fighting       | |  2.0
Throwing       | |  1.7
Dodging        | |  0.7
Stealth        | |  5.8
Hexes          | |  0.8

Action                     |  1- 3 |  4- 6 || total
---------------------------+-------+-------++-------
  Melee: Dagger            |    67 |    20 ||    87
   Fire: Sling             |     1 |       ||     1
Ability: Spit Poison       |    26 |     7 ||    33
    Use: Scroll            |       |     1 ||     1
   Stab: Sleeping          |     2 |       ||     2
 Armour: Ring mail         |    48 |    17 ||    65
         Robe              |     3 |       ||     3
  Dodge: Dodged            |    23 |     5 ||    28

Table legend: (Time is in decaauts)
 A = Elapsed time spent in this place.
 B = Non-inter-level travel time spent in this place.
 C = Inter-level travel time spent in this place.
 D = Time resting spent in this place.
 E = Time spent auto-exploring this place.
 F = Levels seen in this place.
 G = Mean time per level.
                   A        B        C        D        E       F      G
               +--------+--------+--------+--------+--------+-----+--------+
         Total |   2368 |   2281 |     87 |    330 |   1481 |   3 |  789.3 |
       Dungeon |   2368 |   2281 |     87 |    330 |   1481 |   3 |  789.3 |
               +--------+--------+--------+--------+--------+-----+--------+

Top non-repeatable levels by time:
     D:1: 1080 daAuts
     D:2: 768 daAuts
     D:3: 519 daAuts
